AoeStats
← Frost_Piercer

Arabia

507703297Analyzed
1v1 RM · 13d ago on Sep 19, 2026· 51m 26s· 2 players
Game mode
Random Map
Map size
Tiny (2 player)
Population
200
Speed
Normal
Resources
Standard
Victory
Conquest
Starting age
Dark Age
Ending age
Imperial Age
RankedLock teamsTeams togetherTeam positionsShared explorationLock speedFull tech treeHidden civsTurbo modeCheats
Victory
Defeat
🇮🇳 Magyars · India
677
+15
🇳🇿 Britons · New Zealand
655
-15
Frost_Piercer
11:27 Feudal Age
11:50 Loom
12:40 Horse Collar
16:28 Double-Bit Axe
22:38 Castle Age
23:37 Wheelbarrow
22:44 Pikeman
23:24 Crossbowman
24:48 Heavy Plow
26:04 Gold Mining
26:34 Fletching
28:40 Stone Mining
29:36 Squires
29:37 Bodkin Arrow
31:25 Town Watch
32:44 Forging
35:04 Iron Casting
34:29 Padded Archer Armor
35:29 Yeomen
36:42 Gold Shaft Mining
36:21 Bow Saw
37:22 Scale Mail Armor
37:38 Leather Archer Armor
41:37 Imperial Age
41:08 Chain Mail Armor
41:46 Elite Longbowman
41:51 Arbalester
42:39 Bracer
43:56 Ring Archer Armor
43:08 Halberdier
44:58 Blast Furnace
45:45 Plate Mail Armor
46:54 Hand Cart
47:08 Warwolf
Chota Fanta
4:09 Loom
12:57 Feudal Age
18:52 Castle Age
20:51 Bloodlines
26:04 Fletching
26:14 Padded Archer Armor
30:00 Double-Bit Axe
30:07 Horse Collar
35:08 Imperial Age
32:55 Padded Archer Armor
32:18 Elite Skirmisher
33:13 Gold Mining
34:22 Wheelbarrow
33:54 Bodkin Arrow
34:15 Leather Archer Armor
35:32 Leather Archer Armor
35:34 Corvinian Army
36:11 Bracer
36:39 Scale Barding Armor
37:55 Hand Cart
39:00 Ballistics
39:37 Gold Shaft Mining
39:15 Town Watch
39:38 Thumb Ring
40:06 Ring Archer Armor
39:38 Scale Mail Armor
41:16 Chemistry
39:58 Treadmill Crane
40:55 Conscription
41:12 Chain Barding Armor
42:07 Bow Saw
41:51 Stone Mining
42:43 Parthian Tactics
41:44 Pikeman
42:10 Arson
42:59 Husbandry
42:24 Light Cavalry
44:25 Plate Barding Armor
43:44 Hussar
46:09 Cavalier
46:19 Heavy Cavalry Archer
48:08 Recurve Bow
47:30 Elite Magyar Huszar
51:51 Chain Mail Armor
Connection lost

Rejoining the realm…

Still unreachable

The connection could not be restored.

Session expired

The server has moved on; the page needs a fresh start.